 Dungeon Crawl Stone Soup version 0.24.0-13-gcf9b319 (webtiles) character file.

Game seed: 11545980324570945309, levelgen mode: deterministic

501 Fang the Skirmisher (level 7, -8/44 HPs)
             Began as a Gargoyle Berserker on Dec 5, 2019.
             Was a Believer of Trog.
             Mangled by Menkaure (13 damage)
             ... on level 5 of the Dungeon.
             The game lasted 00:03:15 (2747 turns).

Fang the Skirmisher (Gargoyle Berserker)            Turns: 2747, Time: 00:03:15

Health: -8/44      AC: 16    Str: 23    XL:     7   Next: 17%
Magic:  7/7        EV:  7    Int:  7    God:    Trog [**....]
Gold:   235        SH:  0    Dex:  9    Spells: 6/6 levels left

rFire    . . .     SeeInvis .   a - +0 hand axe
rCold    . . .     Gourm    .   (no shield)
rNeg     + . .     Faith    .   b - +0 plate armour
rPois    ∞         Spirit   .   (no helmet)
rElec    +         Reflect  .   (no cloak)
rCorr    .         Harm     .   (no gloves)
MR       ++...                  (no boots)
Stlth    ..........             (no amulet)
HPRegen  1.14/turn              e - ring of flight
MPRegen  0.10/turn              (no ring)

@: berserk cooldown, regenerating, slowed, very slow
A: negative energy resistance 1, electricity resistance, unbreathing,
petrification resistance, rot immunity, AC +4
a: Berserk, Trog's Hand, Renounce Religion, Evoke Flight


You were on level 5 of the Dungeon.
You worshipped Trog.
Trog was pleased with you.
You were very hungry.

You visited 1 branch of the dungeon, and saw 5 of its levels.

You collected 235 gold pieces.

Inventory:

Hand Weapons
 a - a +0 hand axe (weapon)
Armour
 b - a +0 plate armour (worn)
Jewellery
 e - a ring of flight (left hand)
Scrolls
 g - a scroll of noise {unknown}
 h - a scroll of fog {unknown}
 j - 2 scrolls of identify
 l - a scroll of remove curse
 s - a scroll of enchant weapon {unknown}
Potions
 d - a potion of might
 i - a potion of brilliance {unknown}
 k - a potion of resistance {unknown}
 m - a potion of magic {unknown}
 n - a potion of agility {unknown}
 o - 3 potions of curing {unknown}
 p - a potion of degeneration {unknown}
 q - a potion of berserk rage {unknown}
 r - 2 potions of haste {unknown}
Comestibles
 c - 7 rations
 f - 2 chunks of flesh


   Skills:
 + Level 5.1 Fighting
 + Level 4.2 Axes
 + Level 4.4 Armour
 + Level 3.3 Dodging


You had 6 spell levels left.
You didn't know any spells.
Your spell library was empty.

Dungeon Overview and Level Annotations

Branches:
Dungeon (5/15)
 Temple: D:4-7

Altars:
Hepliaklqana
Okawaru

Annotations:
D:3 3 runed translucent doors, CowFu's ghost, amateur DrTm
D:5 Menkaure; Prince Ribbit


Innate Abilities, Weirdness & Mutations

You are resistant to torment.
Your stone body is resilient. (AC +4)
You are immune to poison.
You resist negative energy. (rN+)
You are resistant to electric shocks. (rElec)
You can survive without breathing.
You are immune to petrification.
You are immune to rotting.


Message History

The hound bites you.
* * * LOW HITPOINT WARNING * * *
Your skin crawls.
You feel resistant to hostile enchantments.
You feel somewhat more hungry. The hound bites you but does no damage.
Menkaure hits you but does no damage. The hound bites you but does no damage.
Menkaure hits you but does no damage.
You are feeling very hungry.
The hound bites you.
* * * LOW HITPOINT WARNING * * *
Prince Ribbit blinks!
The hound bites you but does no damage. The hound barely misses you.
The hound bites you.
* * * LOW HITPOINT WARNING * * *
The hound bites you but does no damage. The hound misses you.
The hound bites you.
* * * LOW HITPOINT WARNING * * *
Menkaure hits you!
You die...

[....#.#.#.#
.........#.#
.....#).l#.### .W.
#)#F#...# # #.#W#.#.#
#.#.#.#.###
#.#...)...#
#.#hM.#.#.# #######
#.#.@...#.# #.....#
#.##..###.###.###.###
....#.............#
####.#(..####.######
..........#.#
#...........#
#.>.........######
#.................
#..........#######


You could see Prince Ribbit, a phantom, Menkaure, a hound and a leopard gecko.

Vanquished Creatures
  A phantom (D:3)
  2 ogres (D:4)
  An orc wizard (D:5)
  An orc priest (D:4)
  An iguana (D:4)
  2 worker ants (D:4)
  3 adders
  An ooze (D:3)
  2 worms
  A dart slug (D:4)
  2 leopard geckos
  16 orcs
  2 ball pythons (D:2)
  8 bats
  A giant cockroach (D:3)
  7 goblins
  6 hobgoblins
  2 jackals (D:1)
  7 kobolds
  A frilled lizard (D:3)
  2 rats
69 creatures vanquished.

Notes
Turn   | Place    | Note
-------+----------+-------------------------------------------
     0 | D:1      | Fang the Gargoyle Berserker began the quest for the Orb.
     0 | D:1      | Reached XP level 1. HP: 14/14 MP: 1/1
   190 | D:1      | Reached XP level 2. HP: 19/19 MP: 2/2
   453 | D:2      | Reached XP level 3. HP: 23/23 MP: 3/3
   461 | D:2      | Reached ** piety under Trog
   506 | D:2      | Found a hazy altar of Hepliaklqana.
  1220 | D:3      | Found a runed translucent gate.
  1220 | D:3      | Found a runed translucent gate.
  1224 | D:3      | Found a runed translucent gate.
  1230 | D:3      | Noticed CowFu's ghost (amateur DrTm)
  1422 | D:3      | Reached XP level 4. HP: 22/29 MP: 4/4
  1423 | D:3      | Found an iron altar of Okawaru.
  1541 | D:3      | Noticed a phantom
  1596 | D:3      | Killed a phantom
  1596 | D:3      | Reached skill level 4 in Fighting
  1596 | D:3      | Reached XP level 5. HP: 33/33 MP: 5/5
  1913 | D:4      | Noticed an ogre
  1922 | D:4      | Killed an ogre
  1922 | D:4      | Reached XP level 6. HP: 39/39 MP: 6/6
  2429 | D:4      | Reached skill level 5 in Fighting
  2455 | D:4      | Reached XP level 7. HP: 38/44 MP: 7/7
  2680 | D:5      | Entered Level 5 of the Dungeon
  2720 | D:5      | Noticed Prince Ribbit
  2722 | D:5      | Noticed Menkaure
  2740 | D:5      | HP: 2/44 [Menkaure (15)]
  2747 | D:5      | Mangled by Menkaure

Levels and vault maps discovered:
D:1:      dpeg_arrival_arbitrary_c, layout_rooms
D:2:      layout_basic, old_standard_altar
D:3:      layout_loops_ring, gammafunk_ghost_necromancy, first_ration,
          okawaru_trees_1
D:4:      layout_rooms, eino_small_chamber_without_monster
D:5:      layout_basic, ashenzari_conservatory_becter, gammafunk_ghost_cemetery,
          uniq_crazy_yiuf_cottage, uniq_menkaure, uniq_prince_ribbit1

Skill      XL: |  1  2  3  4  5  6 |
---------------+-------------------+-----
Axes           | 3 4 |  4.2
Dodging        | 2 3 |  3.3
Armour         | 3 4 |  4.4
Fighting       | 4 5 |  5.1

Action                   |  1- 3 |  4- 6 |  7- 9 || total
-------------------------+-------+-------+-------++-------
Melee: Hand axe          |   159 |   132 |    38 ||   329
Invok: Berserk           |       |     3 |     1 ||     4
       Trog's Hand       |       |     1 |     2 ||     3
  Use: Scroll            |       |     6 |       ||     6
  Eat: Chunk             |     2 |     6 |     2 ||    10
Armor: Plate armour      |   134 |    92 |    40 ||   266
Dodge: Dodged            |    60 |    40 |    18 ||   118
